 Dungeon Crawl Stone Soup version 0.22.1-1-ga44c0e56f4 (webtiles) character file.

96504 Freyura the Bludgeoner (level 16, -2/106 HPs)
             Began as a Gargoyle Berserker on Sept 25, 2018.
             Was the Champion of Trog.
             Killed by divine providence
             ... invoked by an orc priest
              (10 damage)
             ... on level 2 of the Orcish Mines on Sept 26, 2018.
             The game lasted 02:06:09 (24584 turns).

Freyura the Bludgeoner (Gargoyle Berserker)        Turns: 24584, Time: 02:06:10

Health: -2/106     AC: 44    Str: 29    XL:     16   Next: 17%
Magic:  5/5        EV: 12    Int: 11    God:    Trog [******]
Gold:   1123       SH:  7    Dex: 14    Spells: 15/15 levels left

rFire    + . .     SeeInvis .   w - +4 eveningstar (antimagic)
rCold    + . .     Gourm    .   K - +1 buckler {rN+}
rNeg     + + .     Faith    .   v - +0 crystal plate armour
rPois    ∞         Spirit   .   x - +2 hat
rElec    +         Reflect  .   b - +2 cloak
rCorr    .         Harm     .   B - +2 pair of gloves
MR       +....                  i - +2 pair of boots
Stlth    ..........             M - amulet of the acrobat
HPRegen  0.27/turn              a - ring "Apemm" {rF+ Int+3 Slay+2}
MPRegen  0.09/turn              o - ring "Yreqaun" {rC+ Str+6 Stlth+}

@: corroded, flying, studying Shields
A: big wings, negative energy resistance 1, electricity resistance, unbreathing,
petrification resistance, rot immunity, AC +12
a: Stop Flying, Berserk, Trog's Hand, Brothers in Arms, Renounce Religion


You were on level 2 of the Orcish Mines.
You worshipped Trog.
Trog was exalted by your worship.
You were not hungry.

You visited 3 branches of the dungeon, and saw 23 of its levels.

You collected 2411 gold pieces.
You spent 1288 gold pieces at shops.

Inventory:

Hand Weapons
 g - a +5 dire flail of holy wrath
 w - a +4 antimagic eveningstar (weapon)
 I - a +4 antimagic morningstar
Armour
 b - a +2 cloak (worn)
 i - a +2 pair of boots (worn)
 v - a +0 crystal plate armour (worn)
 x - a +2 hat (worn)
 B - a +2 pair of gloves (worn)
 K - a +1 buckler of positive energy (worn)
Jewellery
 a - the ring "Apemm" (left hand) {rF+ Int+3 Slay+2}
   (You acquired it on level 9 of the Dungeon)

   [ring of intelligence]

   It affects your intelligence (+3).
   It affects your accuracy and damage with ranged weapons and melee attacks
   (+2).
   It protects you from fire.
 o - the ring "Yreqaun" (right hand) {rC+ Str+6 Stlth+}
   (You found it on level 7 of the Dungeon)

   [ring of stealth]

   It affects your strength (+6).
   It protects you from cold.
   It makes you more stealthy.
 E - an uncursed ring of positive energy
 M - an amulet of the acrobat (around neck)
Wands
 f - a wand of random effects (72)
 n - a wand of scattershot (3)
 q - a wand of polymorph (26)
 t - a wand of digging (26)
 y - a wand of flame (51)
 C - a wand of paralysis (19)
 G - a wand of acid (8)
 H - a wand of enslavement (54)
 P - a wand of iceblast (7)
Scrolls
 h - 5 scrolls of identify
 m - 12 scrolls of remove curse
 s - a scroll of summoning
 u - 8 scrolls of teleportation
 D - 2 scrolls of magic mapping
 L - 8 scrolls of fear
 Q - a scroll of blinking
Potions
 d - 2 potions of flight
 e - 12 potions of curing
 j - a potion of invisibility
 k - a potion of berserk rage
 l - 2 potions of cancellation
 p - 4 potions of mutation
 r - 7 potions of brilliance
 z - 4 potions of might
 A - 3 potions of haste
 F - 2 potions of ambrosia
Books
 J - a manual of Shields
Comestibles
 c - 13 rations


   Skills:
 + Level 14.0 Fighting
 + Level 16.0 Maces & Flails
 + Level 14.5 Armour
 + Level 11.0 Dodging
 - Level 9.4 Shields


You had 15 spell levels left.
You didn't know any spells.
Your spell library was empty.

Dungeon Overview and Level Annotations

Branches:
Dungeon (15/15)            Temple (0/1) D:4            Lair (6/6) D:10
  Swamp (0/4) Lair:3       Spider (0/4) Lair:4        Slime (0/5) Lair:6
    Orc (2/2) D:12            Elf (0/3) Orc:2        Vaults (0/5) D:13
 Depths (0/5) D:15

Altars:
Dithmenos
Kikubaaqudgha
Makhleb
Nemelex Xobeh
Okawaru
Ru
Wu Jian
Xom
Zin
Beogh

Shops:
D:9 [   Orc:2 (


Innate Abilities, Weirdness & Mutations

You are resistant to torment.
Your stone body is resilient. (AC +12)
You are immune to poison.
Your large and strong wings let you fly indefinitely.
You resist negative energy. (rN+)
You are resistant to electric shocks. (rElec)
You can survive without breathing.
You are immune to petrification.
You are immune to rotting.


Message History

You impale the hellwing!!
The hellwing is severely wounded.
You block the hellwing's attack. The hellwing barely misses you.
Your crystal plate armour prevents you from hitting the hellwing.
The hellwing is severely wounded.
The hellwing hits you but does no damage.
The hellwing closely misses you.
You barely miss the hellwing.
The hellwing is heavily wounded.
The hellwing hits you but does no damage.
You block the hellwing's attack.
You barely miss the hellwing.
The hellwing is heavily wounded.
You hit the hellwing.
The hellwing is heavily wounded.
You block the hellwing's attack.
The hellwing hits you but does no damage.
The orc priest invokes the aid of Beogh against you.
Beogh smites you!
You die...

.....####.)..#.....####.######...
....#####.#..#.....)....#### #...
...###..#)####.#####[####..# ##..
#..)......#...#....)..# #.#
#..#....#.#.).#....#..# #..
####....#.##'##....#######..
#....#..........#...##..#
#.##+###.###'##.#...#.### #.#
#@##...#.##'#### ..#
#4##(..#....#
#########o###########
#####o..o4....### .
###.o.4...8.8...... ..
##...ooo..o..)......
...##....o.##..)))..##..
.........###..)......###
.......###.....8.8.....#


You could see a hellwing, a rust devil, an orc warrior, an orc priest and an
orc.

Vanquished Creatures
  Rupert (Lair:4)
  Gastronok (D:12)
  Agnes (D:15)
  A tengu reaver (D:14)
  An orc warlord (Orc:2)
  Nessos (D:15)
  3 yaktaur captains
  4 vault guards (D:13)
  A catoblepas (Lair:6)
  5 hydras
  11 two-headed ogres
  An ogre mage (D:14)
  4 centaur warriors
  A deep troll shaman (Lair:6)
  4 death yaks
  A tengu warrior (D:13)
  Sonja (Lair:5)
  2 orc high priests (Orc:2)
  Nergalle (Orc:1)
  3 unseen horrors
  2 wizards (D:14)
  Pikel (D:8)
  A wolf spider zombie (D:15)
  2 deep elf magi (D:14)
  3 harpies (D:15)
  2 orc knights
  2 ugly things
  5 orc sorcerers
  2 cyclopes
  4 manticores
  2 black mambas
  2 centaur zombies
  Maurice (D:8)
  5 elephants (Lair:6)
  A gargoyle (D:15)
  6 centaur skeletons
  8 spiny frogs
  2 rime drakes
  A kobold demonologist (D:14)
  2 yaktaurs
  5 komodo dragons
  2 ice devils (Lair:4)
  2 tengu conjurers (D:13)
  11 wind drakes (D:14)
  10 trolls
  A merfolk (D:11)
  2 polar bears (Lair:6)
  9 slime creatures (D:15)
  A wind drake (shapeshifter) (D:14)
  4 hornets
  8 blink frogs (Lair:4)
  8 hippogriffs
  A snapping turtle (shapeshifter) (D:14)
  9 air elementals (D:14)
  A shadow (D:14)
  A water elemental (D:11)
  3 redbacks (Lair:4)
  A vampire (D:15)
  5 wyverns
  2 wraiths
  A basilisk (Lair:2)
  10 yaks
  A steam dragon (Lair:2)
  A soldier ant (D:14)
  4 vampire mosquitoes (D:13)
  3 wargs (Orc:2)
  Edmund (D:6)
  14 insubstantial wisps (D:14)
  A warg (shapeshifter) (D:13)
  2 acid dragons
  25 water moccasins
  8 porcupines
  31 orc warriors
  A hornet zombie (D:7)
  8 ice beasts
  4 slaves (D:8)
  10 black bears
  5 sky beasts
  2 necrophages
  5 phantoms
  8 wolves
  22 ogres
  13 centaurs
  9 crocodiles
  Blork the orc (D:4)
  7 big kobolds
  A wyvern zombie (D:14)
  27 bullfrogs
  A gnoll sergeant (D:11)
  A water moccasin zombie (D:8)
  A wyvern skeleton (D:8)
  4 scorpions
  11 killer bees
  16 wights
  2 howler monkeys (D:14)
  11 electric eels
  3 bullfrog zombies
  7 crimson imps
  2 quasits
  17 hounds
  9 jellies
  21 orc priests
  4 iguanas
  3 bullfrog skeletons
  4 gnoll shamans
  Terence (D:3)
  Natasha (twice) (D:3)
  33 orc wizards
  4 worker ants
  2 hound skeletons
  9 gnolls
  24 adders
  5 shadow imps
  5 oozes (D:9)
  An adder zombie (D:8)
  A worm (D:3)
  4 dart slugs (D:1)
  4 leopard geckos
  119 orcs
  4 ball pythons
  7 giant cockroaches
  8 goblins
  10 hobgoblins
  4 jackals
  29 kobolds
  3 quokkas
  A ball python skeleton (D:4)
  9 bats
  3 frilled lizards
  A jackal skeleton (D:4)
  2 leopard gecko skeletons
  A leopard gecko zombie (D:7)
  A quokka skeleton (D:4)
  9 rats
836 creatures vanquished.

Vanquished Creatures (collateral kills)
  A hydra (D:11)
  A bullfrog (D:11)
  4 killer bees (D:11)
  3 gnolls (D:8)
9 creatures vanquished.

Vanquished Creatures (others)
  A crimson imp (D:14)
  17 ball lightnings (D:14)
  2 bushes (D:15)
  2 fungi
  8 plants (D:11)
30 creatures vanquished.

Grand Total: 875 creatures vanquished

Notes
Turn   | Place    | Note
-------+----------+-------------------------------------------
     0 | D:1      | Freyura the Gargoyle Berserker began the quest for the Orb.
     0 | D:1      | Reached XP level 1. HP: 14/14 MP: 1/1
    60 | D:1      | Reached XP level 2. HP: 11/19 MP: 2/2
   223 | D:1      | Reached XP level 3. HP: 10/23 MP: 3/3
   575 | D:1      | Reached ** piety under Trog
   945 | D:2      | Found a shadowy altar of Dithmenos.
  1114 | D:2      | Reached XP level 4. HP: 25/29 MP: 4/4
  1346 | D:2      | Found a glowing silver altar of Zin.
  1348 | D:2      | Found a sacrificial altar of Ru.
  1348 | D:2      | Found an ornate altar of the Wu Jian Council.
  1351 | D:2      | Found a burning altar of Makhleb.
  1351 | D:2      | Found a shimmering altar of Xom.
  1351 | D:2      | Found a sparkling altar of Nemelex Xobeh.
  1672 | D:3      | Reached skill level 4 in Maces & Flails
  1915 | D:3      | Noticed Natasha
  1928 | D:3      | Killed Natasha
  1928 | D:3      | Reached XP level 5. HP: 33/33 MP: 5/5
  1990 | D:3      | Noticed Terence
  1998 | D:3      | Killed Terence
  2057 | D:3      | Noticed Natasha
  2065 | D:3      | Killed Natasha
  2065 | D:3      | Reached *** piety under Trog
  2258 | D:4      | Reached XP level 6. HP: 38/38 MP: 6/6
  2336 | D:4      | Reached skill level 5 in Maces & Flails
  2470 | D:4      | Reached XP level 7. HP: 44/44 MP: 7/7
  2505 | D:4      | Found a staircase to the Ecumenical Temple.
  2610 | D:4      | Reached skill level 5 in Fighting
  2681 | D:4      | Noticed Blork the orc
  2685 | D:4      | Killed Blork the orc
  2779 | D:4      | Reached skill level 6 in Maces & Flails
  2954 | D:5      | Entered Level 5 of the Dungeon
  3124 | D:5      | Reached XP level 8. HP: 27/50 MP: 8/8
  3351 | D:5      | Reached skill level 5 in Armour
  3491 | D:5      | Reached **** piety under Trog
  3748 | D:5      | Reached skill level 7 in Maces & Flails
  4178 | D:6      | Noticed Edmund
  4234 | D:6      | Killed Edmund
  4234 | D:6      | Reached XP level 9. HP: 55/56 MP: 9/9
  4343 | D:6      | Reached skill level 8 in Maces & Flails
  4507 | D:6      | Found an ancient bone altar of Kikubaaqudgha.
  4654 | D:6      | Found a sparkling altar of Nemelex Xobeh.
  4994 | D:7      | Found a transporter.
  5673 | D:8      | Received a gift from Trog
  5718 | D:8      | Reached skill level 5 in Dodging
  5748 | D:8      | Noticed Pikel
  5762 | D:8      | Killed Pikel
  5762 | D:8      | Reached skill level 9 in Maces & Flails
  5772 | D:8      | Noticed Maurice
  5777 | D:8      | Found an iron altar of Okawaru.
  5830 | D:8      | Killed Maurice
  5830 | D:8      | Reached XP level 10. HP: 46/63 MP: 10/10
  6108 | D:8      | Reached ***** piety under Trog
  6275 | D:8      | Reached skill level 10 in Maces & Flails
  6284 | D:8      | Found a roughly hewn altar of Beogh.
  6822 | D:9      | Noticed a two-headed ogre
  6851 | D:9      | Killed a two-headed ogre
  6900 | D:9      | Found Bygod's Antique Armour Emporium.
  7254 | D:9      | Identified a scroll of acquirement
  7255 | D:9      | Got a transparent pewter ring
  7257 | D:9      | Identified the ring "Apemm" {rF+ Int+3 Slay+2} (You
                  | acquired it on level 9 of the Dungeon)
  7292 | D:10     | Entered Level 10 of the Dungeon
  7463 | D:10     | Reached XP level 11. HP: 68/69 MP: 11/11
  7487 | D:10     | Received a gift from Trog
  7518 | D:10     | Reached skill level 11 in Maces & Flails
  7677 | D:10     | Found a staircase to the Lair.
  8045 | D:11     | Noticed a cyclops
  8052 | D:11     | Killed a cyclops
  8204 | D:11     | Noticed a seven-headed hydra
  8218 | D:11     | Killed a seven-headed hydra
  8290 | D:11     | Noticed a two-headed ogre
  8300 | D:11     | Killed a two-headed ogre
  8654 | D:11     | Noticed a two-headed ogre
  8669 | D:11     | Killed a two-headed ogre
  9031 | D:11     | Received a gift from Trog
  9200 | D:11     | Noticed a two-headed ogre
  9219 | D:11     | Killed a two-headed ogre
  9219 | D:11     | Reached skill level 12 in Maces & Flails
  9230 | D:11     | Noticed a two-headed ogre
  9255 | D:11     | Killed a two-headed ogre
  9255 | D:11     | Reached XP level 12. HP: 22/77 MP: 12/12
  9663 | D:11     | Found an ornate altar of the Wu Jian Council.
  9909 | D:11     | Reached skill level 10 in Fighting
 10045 | D:9      | Bought an aquamarine-encrusted plate armour for 644 gold
                  | pieces
 10055 | D:9      | Identified the +0 plate armour of the Constellations {+Inv
                  | rPois rC+} (You bought it in a shop on level 9 of the
                  | Dungeon)
 10298 | D:11     | Reached skill level 10 in Armour
 11209 | D:12     | Noticed Gastronok
 11232 | D:12     | Killed Gastronok
 11232 | D:12     | Reached skill level 13 in Maces & Flails
 11733 | D:12     | Found a staircase to the Orcish Mines.
 11758 | D:12     | Noticed a seven-headed hydra
 11771 | D:12     | Killed a seven-headed hydra
 12190 | Lair:1   | Entered Level 1 of the Lair of Beasts
 12524 | Lair:1   | Reached XP level 13. HP: 79/84 MP: 13/13
 12560 | Lair:1   | Found a labyrinth entrance.
 13000 | Lair:2   | Reached ****** piety under Trog
 13969 | Lair:3   | Found a staircase to the Swamp.
 14058 | Lair:3   | Reached skill level 14 in Maces & Flails
 14426 | Lair:4   | Noticed Rupert
 14443 | Lair:4   | Killed Rupert
 14570 | Lair:4   | Found a hole to the Spider Nest.
 15497 | Lair:5   | Noticed Sonja
 15522 | Lair:5   | Reached skill level 1 in Shields
 15529 | Lair:5   | Killed Sonja
 16041 | Lair:5   | Received a gift from Trog
 16397 | Lair:6   | Entered Level 6 of the Lair of Beasts
 16793 | Lair:6   | Gained mutation: Your large and strong wings let you fly
                  | indefinitely. [Gargoyle growth]
 16793 | Lair:6   | Reached XP level 14. HP: 72/92 MP: 14/14
 17111 | Lair:6   | Reached skill level 5 in Shields
 17377 | Lair:6   | Found a staircase to the Slime Pits.
 17786 | D:7      | Found a transporter.
 17849 | D:7      | Got a crude lead ring
 17870 | D:7      | Identified the ring "Yreqaun" {rC+ Str+6 Stlth+} (You found
                  | it on level 7 of the Dungeon)
 18501 | D:13     | Received a gift from Trog
 18617 | D:9      | Bought a crude plate armour for 644 gold pieces
 18627 | D:9      | Identified the +0 plate armour of Existentialism {-Cast
                  | rPois Int+4} (You bought it in a shop on level 9 of the
                  | Dungeon)
 18773 | D:13     | Reached skill level 15 in Maces & Flails
 19085 | D:13     | Found a gate to the Vaults.
 19658 | D:14     | Noticed a tengu reaver
 19669 | D:14     | Reached skill level 10 in Dodging
 19688 | D:14     | Killed a tengu reaver
 19715 | D:14     | Reached XP level 15. HP: 6/97 MP: 15/15
 21398 | D:14     | Received a gift from Trog
 21750 | D:15     | Entered Level 15 of the Dungeon
 21833 | D:15     | Noticed Agnes
 21850 | D:15     | Killed Agnes
 22224 | D:15     | Noticed Nessos
 22235 | D:15     | Killed Nessos
 22653 | D:15     | Found a staircase to the Depths.
 22752 | Orc:1    | Entered Level 1 of the Orcish Mines
 22908 | Orc:1    | Received a gift from Trog
 23037 | Orc:2    | Entered Level 2 of the Orcish Mines
 23448 | Orc:1    | Noticed Nergalle
 23454 | Orc:1    | Killed Nergalle
 23489 | Orc:1    | Found a burning altar of Makhleb.
 23607 | Orc:2    | Received a gift from Trog
 23981 | Orc:2    | Reached XP level 16. HP: 103/105 MP: 5/16
 24227 | Orc:2    | Found a staircase to the Elven Halls.
 24355 | Orc:2    | Reached skill level 16 in Maces & Flails
 24400 | Orc:2    | Paralysed by an orc sorcerer for 3 turns
 24441 | Orc:2    | Found a roughly hewn altar of Beogh.
 24553 | Orc:2    | Found Weum's Antique Weapon Shop.
 24584 | Orc:2    | Killed from afar by an orc priest

Skill      XL: |  1  2  3  4  5  6  7  8  9 10 11 12 13 14 15 16 |
---------------+-------------------------------------------------+-----
Dodging        | 2 3 4 5 6 7 8 9 10 11 | 11.0
Maces & Flails | 4 5 6 7 9 10 12 13 14 15 16 | 16.0
Armour         | 3 4 5 7 8 9 10 11 12 14 | 14.5
Fighting       | 4 5 6 7 8 9 10 12 13 14 | 14.0
Shields        | 4 8 9 |  9.4

Action                   |  1- 3 |  4- 6 |  7- 9 | 10-12 | 13-15 | 16-18 || total
-------------------------+-------+-------+-------+-------+-------+-------++-------
Melee: Mace              |   102 |    87 |       |       |       |       ||   189
       Flail             |       |    73 |   193 |       |       |       ||   266
       Dire flail        |       |       |   176 |   905 |  1591 |       ||  2672
       Unarmed           |       |       |    16 |       |       |       ||    16
       Eveningstar       |       |       |       |       |    16 |   185 ||   201
Invok: Berserk           |       |     5 |     3 |     2 |     2 |       ||    12
       Trog's Hand       |       |     3 |     1 |     1 |     4 |       ||     9
       Brothers in Arms  |       |       |       |     3 |       |       ||     3
 Abil: Fly               |       |       |       |       |     1 |       ||     1
  Use: Scroll            |     4 |     4 |     3 |    13 |    11 |       ||    35
       Potion            |       |       |       |     5 |     3 |       ||     8
 Stab: Sleeping          |     4 |       |       |       |       |       ||     4
  Eat: Ration            |     2 |     2 |     4 |     8 |    12 |       ||    28
       Chunk             |       |       |       |       |     1 |       ||     1
Armor: Animal skin       |    34 |       |       |       |       |       ||    34
       Chain mail        |    20 |    47 |       |       |       |       ||    67
       Plate armour      |       |    85 |   226 |   735 |   527 |       ||  1573
       Skin              |       |       |     2 |       |       |       ||     2
       Crystal plate arm |       |       |       |       |   283 |    49 ||   332
Dodge: Dodged            |    57 |    76 |   121 |   508 |   733 |    57 ||  1552
Block: Buckler           |       |       |       |       |     6 |    62 ||    68
